 Dungeon Crawl Stone Soup version 0.23.1 (webtiles) character file.

Game seed: 17622049062229807034

555 rubberteeth the Cleaver (level 7, 0/57 HPs)
             Began as a Minotaur Fighter on Mar 17, 2019.
             Slain by a slave (4 damage)
             ... led by Pikel
             ... on level 5 of the Dungeon.
             The game lasted 00:05:17 (2630 turns).

rubberteeth the Cleaver (Minotaur Fighter)          Turns: 2630, Time: 00:05:18

Health: 0/57       AC:  6    Str: 23    XL:     7   Next: 8%
Magic:  6/6        EV:  7    Int:  5    God:
Gold:   257        SH:  9    Dex:  9    Spells: 6/6 levels left

rFire    . . .     SeeInvis .   a - +0 war axe
rCold    . . .     Gourm    .   c - +0 shield
rNeg     . . .     Faith    .   b - +0 scale mail
rPois    .         Spirit   .   (helmet restricted)
rElec    .         Reflect  .   (no cloak)
rCorr    .         Harm     .   (no gloves)
MR       .....                  (no boots)
Stlth    ..........             (no amulet)
HPRegen  0.19/turn              (no ring)
MPRegen  0.10/turn              (no ring)

@: no status effects
A: retaliatory headbutt, horns 2
a: no special abilities


You were on level 5 of the Dungeon.
You were not hungry.

You visited 1 branch of the dungeon, and saw 5 of its levels.
You also visited: Sewer.

You collected 257 gold pieces.

Inventory:

Hand Weapons
 a - a +0 war axe (weapon)
Armour
 b - a +0 scale mail (worn)
 c - a +0 shield (worn)
Wands
 n - a wand of clouds (6)
Scrolls
 e - a scroll of teleportation {unknown}
 h - 2 scrolls of amnesia {unknown}
 j - 2 scrolls of identify {unknown}
 k - a scroll of enchant weapon {unknown}
 l - a scroll of magic mapping {unknown}
 o - a scroll of fear {unknown}
 p - a scroll of blinking {unknown}
 q - a scroll of remove curse {unknown}
 s - 2 scrolls of fog {unknown}
Potions
 d - a potion of might
 g - 5 potions of flight {unknown}
 i - 7 potions of curing {unknown}
 m - a potion of berserk rage {unknown}
 r - a potion of degeneration {unknown}
Comestibles
 f - 4 rations


   Skills:
 - Level 3.6 Fighting
 + Level 9.4 Axes
 - Level 3.6 Armour
 - Level 3.6 Shields


You had 6 spell levels left.
You didn't know any spells.
Your spell library was empty.

Dungeon Overview and Level Annotations

Branches:
Dungeon (5/15)
 Temple: D:4-7

Altars:
Cheibriados
Elyvilon
Nemelex Xobeh
Wu Jian
The Shining One

Annotations:
D:4 Pikel


Innate Abilities, Weirdness & Mutations

You reflexively headbutt those who attack you in melee.
You have a pair of horns on your head.


Message History

You climb downwards.
Reactivating autopickup.
A hound comes into view.
Found a shiny gold wand, a puce potion and 8 gold pieces.
There is a stone staircase leading up here.
You hit the slave but do no damage. Your headbutt misses the slave.
The slave hits you.
* * * LOW HITPOINT WARNING * * *
You slash the slave!
The slave is moderately wounded.
The slave hits you!
* * * LOW HITPOINT WARNING * * *
You closely miss the slave. Your headbutt misses the slave.
The slave is moderately wounded.
You closely miss the hound. You block the slave's attack.
The hound bites you but does no damage.
Your shield and scale mail prevent you from hitting the hound.
Your headbutt misses the hound. You hit the slave.
The hound closely misses you. The slave hits you.
You die...

### #§≈
##≈# . #.!+
...
#.≈###≈...
#.≈≈§≈≈...
#.@.......
#.hp/.....
#.........
#.........
#.........
..........
....$.....
#..........


You could see a slave and a hound.

Vanquished Creatures
  Grinder (D:4)
  A slave (D:4)
  An ogre (D:4)
  A big kobold (Sewer)
  2 worker ants
  Terence (D:2)
  4 adders
  2 river rats (Sewer)
  3 worms
  A dart slug (D:2)
  6 leopard geckos
  3 bats
  5 giant cockroaches
  6 goblins
  3 hobgoblins
  3 jackals (D:1)
  3 frilled lizards
  A jackal skeleton (D:4)
  9 kobolds
  9 rats
65 creatures vanquished.

Notes
Turn   | Place    | Note
-------+----------+-------------------------------------------
     0 | D:1      | rubberteeth the Minotaur Fighter began the quest for the
                  | Orb.
     0 | D:1      | Reached XP level 1. HP: 19/19 MP: 0/0
   267 | D:1      | Reached skill level 3 in Axes
   319 | D:1      | Reached XP level 2. HP: 26/26 MP: 1/1
   777 | D:2      | Reached skill level 4 in Axes
   793 | D:2      | Noticed Terence
   802 | D:2      | Killed Terence
   802 | D:2      | Reached XP level 3. HP: 23/31 MP: 2/2
   882 | D:2      | Found a snail-covered altar of Cheibriados.
   959 | D:2      | Reached skill level 5 in Axes
  1163 | D:2      | Reached XP level 4. HP: 35/39 MP: 3/3
  1345 | D:3      | Found a glowing golden altar of the Shining One.
  1429 | D:3      | Found an ornate altar of the Wu Jian Council.
  1502 | D:3      | Found a glowing drain.
  1520 | Sewer    | Entered a sewer
  1530 | Sewer    | Reached skill level 6 in Axes
  1636 | Sewer    | Noticed a big kobold
  1651 | Sewer    | Killed a big kobold
  1651 | Sewer    | Reached skill level 7 in Axes
  1651 | Sewer    | Reached XP level 5. HP: 39/45 MP: 4/4
  1664 | Sewer    | Found a white marble altar of Elyvilon.
  1768 | D:3      | Found a sparkling altar of Nemelex Xobeh.
  2369 | D:4      | Noticed an ogre
  2376 | D:4      | Killed an ogre
  2376 | D:4      | Reached skill level 8 in Axes
  2376 | D:4      | Reached XP level 6. HP: 39/51 MP: 5/5
  2415 | D:4      | Noticed Grinder
  2415 | D:4      | Paralysed by Grinder for 6 turns
  2433 | D:4      | Killed Grinder
  2433 | D:4      | Reached skill level 9 in Axes
  2433 | D:4      | Reached XP level 7. HP: 43/57 MP: 6/6
  2488 | D:4      | Found a white marble altar of Elyvilon.
  2606 | D:4      | Noticed Pikel
  2626 | D:5      | Entered Level 5 of the Dungeon
  2630 | D:5      | Slain by a slave

Skill      XL: |  1  2  3  4  5  6 |
---------------+-------------------+-----
Axes           | 3 4 5 7 8 9 |  9.4
Fighting       | |  3.6
Armour         | |  3.6
Shields        | |  3.6

Action                   |  1- 3 |  4- 6 |  7- 9 || total
-------------------------+-------+-------+-------++-------
Melee: War axe           |    78 |    97 |    26 ||   201
       Headbutt          |    10 |    15 |     2 ||    27
  Eat: Chunk             |     1 |     3 |     2 ||     6
Armor: Scale mail        |    31 |    32 |     7 ||    70
Dodge: Dodged            |    23 |    26 |     8 ||    57
Block: Shield            |    32 |    47 |    11 ||    90
